 Dungeon Crawl Stone Soup version 0.31-a0-507-gbafd7f5274 (webtiles) character file.

Game seed: 17798329583807329062

162 bmack86 the Chopper (level 5, -5/45 HPs)
             Began as a Minotaur Fighter on Aug 10, 2023.
             Slain by a gnoll sergeant
             ... wielding a +6 spear of freezing
              (14 damage)
             ... on level 5 of the Dungeon.
             The game lasted 00:06:50 (2828 turns).

bmack86 the Chopper (Minotaur Fighter)              Turns: 2828, Time: 00:06:50

Health: -5/45      AC:  9    Str: 23    XL:     5   Next: 19%
Magic:  0/4        EV:  5    Int:  5    God:
Gold:   184        SH:  0    Dex:  9    Spells: 4/4 levels left

rFire   . . .        p - +1 hand axe (heavy)
rCold   . . .        c - +0 buckler
rNeg    . . .        b - +0 scale mail
rPois   .            (helmet restricted)
rElec   .            q - +0 cloak
rCorr   .            (no gloves)
SInv    .            m - +0 pair of boots
Will    .....        o - amulet of guardian spirit Stlth
                     (no ring)
HPRegen 0.27/turn    (no ring)
MPRegen 0.09/turn

%: guardian spirit
@: held
A: horns 2, retaliatory headbutt
a: no special abilities


You were on level 5 of the Dungeon.
You visited 1 branch of the dungeon, and saw 5 of its levels.

You collected 229 gold pieces.
You spent 45 gold pieces at shops.

Inventory:

Hand Weapons
 a - a +0 war axe
 p - a +1 heavy hand axe (weapon)
Armour
 b - a +0 scale mail (worn)
 c - a +0 buckler (worn)
 m - a +0 pair of boots (worn)
 q - a +0 cloak (worn)
Jewellery
 g - a ring of magical power
 o - an amulet of guardian spirit (around neck)
Scrolls
 e - 2 scrolls of fog {unknown}
 f - a scroll of poison {unknown}
 h - 2 scrolls of blinking {unknown}
 k - 3 scrolls of vulnerability {unknown}
 l - a scroll of teleportation {unknown}
 n - 2 scrolls of identify {unknown}
Potions
 i - a potion of curing {unknown}
 j - a potion of mutation {unknown}
 r - a potion of attraction {unknown}


   Skills:
 - Level 3.6 Fighting
 + Level 6.6 Axes
 - Level 3.6 Armour
 - Level 3.6 Shields


You had 4 spell levels left.
You didn't know any spells.
Your spell library contained the following spells:

 Spells                   Type           Power      Damage    Failure   Level
 Shock                    Conj/Air       0%         1d3       85%         1
 Scorch                   Fire           0%         2d5       94%         2
 Hailstorm                Conj/Ice       0%         3d3       99%         3
 Ozocubu's Armour         Ice            0%         N/A       99%         3
 Portal Projectile        Hex/Tloc       0%         N/A       99%         3
 Swiftness                Air            0%         N/A       99%         3
 Tukima's Dance           Hex            0%         N/A       99%         3
 Volatile Blastmotes      Fire/Tloc      0%         2d10      99%         3
 Airstrike                Air            0%         2d(0-16)  100%        4
 Flame Wave               Conj/Fire      0%         2d4       100%        4
 Iskenderun's Mystic Bla  Conj/Tloc      0%         2d3       100%        4
 Manifold Assault         Tloc           0%         N/A       100%        4
 Passage of Golubria      Tloc           0%         N/A       100%        4
 Yara's Violent Unravell  Hex/Tmut       0%         3d3       100%        5
 Summon Cactus Giant      Summ           0%         N/A       100%        6
 Ozocubu's Refrigeration  Ice            0%         4d7       100%        7


Dungeon Overview and Level Annotations

Branches:
Dungeon (5/15)
 Temple: D:4-7

Altars:
Cheibriados
Dithmenos
Sif Muna
Vehumet
Wu Jian
Xom
The Shining One

Shops:
D:3 [


Innate Abilities, Weirdness & Mutations

You have a pair of horns on your head.
You reflexively headbutt those who attack you in melee.


Message History

Found a radiant altar of Vehumet.
Partly explored, can't reach some places.
Partly explored, can't reach some places.
There is an open door here.
There is an open door here.
There is a stone staircase leading down here.
You climb downwards.
There is a stone staircase leading up here.
A gnoll sergeant and a gnoll come into view.
The gnoll sergeant is wielding a +6 spear of freezing.
Found an escape hatch in the ceiling.
The gnoll sergeant shouts!
The gnoll shouts!
You hear a shout! 2 gnolls come into view.
A gnoll is wielding a +0 flail of protection.
The gnoll shouts! x2; You hear a shout!
A gnoll comes into view. It is wielding a +3 whip.
You hear a shout!
A gnoll comes into view. It is wielding a +0 flail.
The gnoll shouts!
A gnoll comes into view. It is wielding a +0 spear.
The gnoll shouts!
You hear a shout!
A gnoll comes into view. It is wielding a +0 halberd.
The gnoll barely misses you.
The gnoll sergeant hits you with a +6 spear of freezing!
The gnoll sergeant freezes you. You block the gnoll sergeant's attack.
The gnoll sergeant hits you from afar with a +6 spear of freezing!
The gnoll sergeant freezes you.
The gnoll hits you from afar with a +0 spear.
The gnoll hits you but does no damage.
The gnoll sergeant hits you from afar with a +6 spear of freezing!
The gnoll sergeant freezes you. The gnoll attacks as you move away!
The gnoll hits you with a +3 whip!
The gnoll throws a throwing net.
The throwing net hits you.
You become entangled in the net!
The gnoll hits you with a +0 whip.
* * * LOW HITPOINT WARNING * * *
You see here a throwing net.
You struggle against the net.
The gnoll sergeant hits you from afar with a +6 spear of freezing!
You die...

### ##.#
#..##
#...#####
#.<.#...#
#..@....##
##..g....#
#.gggg...#
###g..g..#
#......#
#......#
#.##......#
#..
.......#
#<.#
........#


You could see a gnoll sergeant and 6 gnolls.

Vanquished Creatures
  4 gnolls (D:4)
  4 adders (D:2)
  2 worms
  2 dart slugs
  2 orcs
  7 endoplasms
  4 giant cockroaches
  11 goblins
  3 hobgoblins
  8 jackals
  2 quokkas
  5 ball pythons
  5 bats
  8 kobolds
  3 rats
70 creatures vanquished.

Notes
Turn   | Place    | Note
-------+----------+-------------------------------------------
     0 | D:1      | bmack86 the Minotaur Fighter began the quest for the Orb.
     0 | D:1      | Reached XP level 1. HP: 19/19 MP: 0/0
   107 | D:1      | Reached skill level 3 in Axes
   112 | D:1      | Reached XP level 2. HP: 26/26 MP: 1/1
   221 | D:1      | Got the Guidebook on Radiant Shifting
   474 | D:1      | Reached skill level 4 in Axes
   545 | D:2      | Reached XP level 3. HP: 17/31 MP: 2/2
   814 | D:2      | Found a faded altar of an unknown god.
   826 | D:2      | Reached skill level 5 in Axes
   827 | D:2      | Found a shimmering altar of Xom.
   945 | D:2      | Reached XP level 4. HP: 32/39 MP: 3/3
  1236 | D:3      | Found a snail-covered altar of Cheibriados.
  1344 | D:3      | Found a shadowy altar of Dithmenos.
  1442 | D:3      | Found a glowing golden altar of the Shining One.
  1510 | D:3      | Found a shimmering blue altar of Sif Muna.
  1741 | D:3      | Found Taeses's Armour Boutique.
  1764 | D:3      | Bought a +0 cloak for 45 gold pieces
  2036 | D:4      | Found an ornate altar of the Wu Jian Council.
  2103 | D:4      | Reached skill level 6 in Axes
  2398 | D:4      | Reached XP level 5. HP: 9/45 MP: 0/4
  2792 | D:4      | Found a radiant altar of Vehumet.
  2815 | D:5      | Entered Level 5 of the Dungeon
  2828 | D:5      | Slain by a gnoll sergeant

Illustrated notes

Levels and vault maps discovered:
D:1:      saegor_arrival_simple_b, layout_basic, minmay_misc_feat_cross
D:2:      layout_loops_ring, chequers_ecumenical_altar_simple_redux, basic_altar
D:3:      layout_loops_cross, lemuel_round_altar, mainiacjoe_overflow_catwalk,
          mainiacjoe_overflow_boulevard, mainiacjoe_overflow_six_doors_small,
          serial_shops, shop, roderic_roman_lattice
D:4:      layout_gridville, lemuel_tele_altar,
          mainiacjoe_overflow_concentric_impassable
D:5:      layout_cave_pools, mainiacjoe_overflow_chevrons, grunt_gozag_statues,
          uniq_menkaure

Skill      XL: |  1  2  3  4 |
---------------+-------------+-----
Axes           | 3 4 5 6 |  6.6
Fighting       | |  3.6
Armour         | |  3.6
Shields        | |  3.6

Action                     |  1- 3 |  4- 6 || total
---------------------------+-------+-------++-------
  Melee: War axe           |    75 |    26 ||   101
         Headbutt          |    10 |     7 ||    17
         Hand axe          |       |    30 ||    30
    Use: Potion            |       |     1 ||     1
 Armour: Scale mail        |    42 |    29 ||    71
  Dodge: Dodged            |    45 |    29 ||    74
  Block: Buckler           |    18 |    19 ||    37

Table legend: (Time is in decaauts)
 A = Elapsed time spent in this place.
 B = Non-inter-level travel time spent in this place.
 C = Inter-level travel time spent in this place.
 D = Time resting spent in this place.
 E = Time spent auto-exploring this place.
 F = Levels seen in this place.
 G = Mean time per level.
                   A        B        C        D        E       F      G
               +--------+--------+--------+--------+--------+-----+--------+
         Total |   2871 |   2797 |     74 |      0 |   2222 |   5 |  574.2 |
       Dungeon |   2871 |   2797 |     74 |      0 |   2222 |   5 |  574.2 |
               +--------+--------+--------+--------+--------+-----+--------+

Top non-repeatable levels by time:
     D:3: 814 daAuts
     D:4: 807 daAuts
     D:2: 695 daAuts
     D:1: 541 daAuts
     D:5: 12 daAuts
